 Dungeon Crawl Stone Soup version 0.20.1-1-g8b1a95d (webtiles) character file.

24880 Monsterracer the Destroyer (level 12, -4/101 HPs)
             Began as a Demigod Conjurer on Aug 30, 2017.
             Killed from afar by an ice dragon (16 damage)
             ... with a blast of cold
             ... in an ice cave.
             The game lasted 01:01:50 (19472 turns).

Monsterracer the Destroyer (Demigod Conjurer)      Turns: 19472, Time: 01:01:51

Health: -4/101     AC:  8    Str: 15    XL:     12   Next: 49%
Magic:  1/28       EV: 16    Int: 27    God:
Gold:   802        SH:  3    Dex: 16    Spells: 5/27 levels left

rFire    x . .     SeeInvis .   b - +2 whip (elec)
rCold    + . .     Gourm    .   (no shield)
rNeg     . . .     Faith    .   z - +1 robe of Erutaciz {+Blink Regen+ Str+4 Stlth+}
rPois    .         Spirit   .   j - +1 hat
rElec    .         Reflect  +   y - +1 cloak
rCorr    .         Harm     .   k - +1 pair of gloves
MR       ++...                  (no boots)
Stlth    +++.......             g - +3 amulet of reflection
Regen    0.7/turn               m - +3 ring of slaying
MPRegen  0.3/turn               C - ring of ice

@: no status effects
A: antennae 2, claws 1, high mp 1, magic resistance 1
a: Evoke Blink


You were in an ice cave.
You were hungry.

You visited 2 branches of the dungeon, and saw 13 of its levels.
You also visited: Ice Cave.

You collected 916 gold pieces.
You spent 114 gold pieces at shops.

Inventory:

Hand Weapons
 b - a +2 whip of electrocution (weapon)
Missiles
 A - a throwing net (quivered)
Armour
 j - a +1 hat (worn)
 k - a +1 pair of gloves (worn)
 y - a +1 cloak (worn)
 z - the +1 robe of Erutaciz (worn) {+Blink Regen+ Str+4 Stlth+}
   (You bought it in a shop on level 4 of the Dungeon)

   It affects your strength (+4).
   It lets you blink.
   It increases your rate of regeneration.
   It makes you more stealthy.
Magical Staves
 a - an uncursed staff of poison
Jewellery
 g - a +3 amulet of reflection (around neck)
 i - an uncursed ring of fire
 m - a +3 ring of slaying (left hand)
 B - an uncursed ring of wizardry
 C - a ring of ice (right hand)
Wands
 I - a wand of lightning (10/15)
Scrolls
 e - 5 scrolls of identify
 p - a scroll of amnesia
 q - 4 scrolls of recharging
 s - 9 scrolls of remove curse
 u - 5 scrolls of teleportation
 w - 3 scrolls of magic mapping
 x - 2 scrolls of enchant weapon
 F - a scroll of blinking
 G - a scroll of fear
Potions
 f - 2 potions of cancellation
 l - a potion of agility
 o - 2 potions of mutation
 r - 4 potions of brilliance
 v - 2 potions of curing
 D - a potion of might
 E - a potion of flight
 H - a potion of invisibility
Books
 h - a book of Air

   Spells                             Type                      Level
   a - Shock                          Conjuration/Air              1
   b - Swiftness                      Charms/Air                   2
   c - Static Discharge               Conjuration/Air              3
   d - Airstrike                      Air                          4
   e - Lightning Bolt                 Conjuration/Air              5
 K - a book of Cantrips

   Spells                             Type                      Level
   a - Confusing Touch                Hexes                        1
   b - Animate Skeleton               Necromancy                   1
   c - Summon Small Mammal            Summoning                    1
   d - Apportation                    Translocation                1
Comestibles
 c - 5 bread rations
 d - 23 fruits
 n - 6 meat rations
 t - 13 royal jellies


   Skills:
 + Level 7.9 Fighting
 + Level 4.3 Maces & Flails
   Level 0.3 Polearms
 - Level 6.0 Dodging
 - Level 1.7 Stealth
 + Level 8.4 Spellcasting
 * Level 13.1 Conjurations
 - Level 3.0 Hexes
 - Level 3.0 Translocations
 - Level 3.0 Fire Magic
 - Level 3.1 Air Magic


You had 5 spell levels left.
You knew the following spells:

 Your Spells              Type           Power        Failure   Level  Hunger
a - Magic Dart            Conj           ####         1%          1    None
b - Searing Ray           Conj           ######       1%          2    None
c - Conjure Flame         Conj/Fire      ######..     1%          3    None
d - Iskenderun's Mystic   Conj           ######..     1%          4    ##.....
e - Blink                 Tloc           N/A          2%          2    None
f - Force Lance           Conj/Tloc      ######..     1%          4    ##.....
g - Swiftness             Chrm/Air       ###.....     4%          2    None
h - Fulminant Prism       Conj/Hex       ######....   1%          4    ##.....


Dungeon Overview and Level Annotations

Branches:
Dungeon (11/15)            Temple (0/1) D:4            Lair (2/6) D:11
    Orc (0/2) D:11
  Swamp: Lair:2-4    Shoals: Lair:2-4     Snake: Lair:2-4    Spider: Lair:2-4

Shops:
D:4 *   D:11 }


Innate Abilities, Weirdness & Mutations

You have an increased reservoir of magic. (+10% MP)
You have a pair of antennae on your head.
You have sharp fingernails.
You are resistant to hostile enchantments. (MR+)


Message History

You stumble backwards!
Huge Dmg: -27%(-27hp) hp: 23%(23hp)
The ice dragon bites you.
* * * LOW HITPOINT WARNING * * *
The ice dragon barely misses you. The ice dragon tramples you!
* * * LOW HITPOINT WARNING * * *
You hold your ground!
Huge Dmg: -12%(-12hp) hp: 11%(11hp) Evoke which item? (* to show all) (? for menu, Esc to quit)
Okay, then.
Casting: Searing Ray
Confirm with . or Enter, or press ? or * to list all spells.
Okay, then.
Casting: Searing Ray
Confirm with . or Enter, or press ? or * to list all spells.
You blink.
* * * LOW MAGIC WARNING * * *
The ice dragon breathes frost at you. The blast of cold hits you! You resist.
You die...

######## ####..§...####
###....D#......##
###......###.##...#
#=$......$$###..#####
$$="...@$$$$##.##...#
#$==$..$$$$$$#....#.##
#..##$$$$$$$####.###..##
#.#≈######### ### ##..##
#≈≈≈≈≈≈ ##... ≈≈≈≈≈ ##..
≈≈≈≈ ### #.## #..###


You could see an ice dragon.

Vanquished Creatures
  An ice dragon (IceCv)
  The ghost of ThereIsNoGod the Geomancer, a novice DgEE (D:9)
  9 two-headed ogres
  An unseen horror (D:11)
  An orc knight (D:7)
  A cyclops (D:8)
  The ghost of Elmdore the Archer, a novice CeHu (D:5)
  Joseph (D:9)
  A gargoyle (D:10)
  2 ice statues (IceCv)
  2 rime drakes (IceCv)
  A troll (D:10)
  A hornet (D:11)
  2 hippogriffs
  2 shadows (D:11)
  5 yaks (D:9)
  4 hungry ghosts
  The ghost of Monsterracer the Conjurer, an amateur DgCj (D:4)
  14 wargs
  2 soldier ants (D:8)
  17 ice beasts
  4 water moccasins
  18 orc warriors
  2 eyes of draining
  7 sky beasts
  3 ogres
  5 centaurs
  2 big kobolds
  5 bullfrogs
  A wyvern skeleton (D:9)
  24 killer bees
  6 scorpions
  5 wights (D:11)
  2 howler monkeys (D:9)
  3 crimson imps
  2 quasits
  A bullfrog skeleton (D:11)
  4 centaur skeletons
  8 orc priests
  2 jellies
  11 hounds
  11 orc wizards
  2 iguanas
  Natasha (thrice) (D:4)
  14 worker ants
  2 hound skeletons
  3 gnolls (D:7)
  A howler monkey skeleton (D:11)
  16 adders
  A shadow imp (D:5)
  4 oozes
  An adder skeleton (D:7)
  8 worms
  2 dart slugs
  8 leopard geckos
  90 orcs
  3 ball pythons
  7 giant cockroaches
  7 goblins
  7 hobgoblins
  15 jackals
  11 kobolds
  4 quokkas
  8 bats
  5 frilled lizards
  A jackal skeleton (D:4)
  A leopard gecko skeleton (D:9)
  2 quokka skeletons
  3 rats
  2 fungi (D:6)
427 creatures vanquished.

Vanquished Creatures (others)
  20 fulminant prisms
  15 fungi (D:6)
35 creatures vanquished.

Grand Total: 462 creatures vanquished

Notes
Turn   | Place    | Note
-------+----------+-------------------------------------------
     0 | D:1      | Monsterracer the Demigod Conjurer began the quest for the Orb.
     0 | D:1      | Reached XP level 1. HP: 14/14 MP: 5/5
   357 | D:1      | Reached XP level 2. HP: 18/20 MP: 2/7
   361 | D:1      | Learned a level 2 spell: Searing Ray
   376 | D:1      | Reached skill level 4 in Conjurations
   579 | D:1      | HP: 10/20 [jackal (3)]
  1029 | D:2      | Reached XP level 3. HP: 21/26 MP: 0/8
  1750 | D:2      | Reached XP level 4. HP: 33/33 MP: 6/10
  1934 | D:3      | Reached skill level 5 in Conjurations
  1968 | D:3      | Noticed a sky beast
  1977 | D:3      | Killed a sky beast
  1977 | D:3      | Reached XP level 5. HP: 38/38 MP: 2/12
  1981 | D:3      | Gained mutation: You have sharp fingernails. [mutagenic meat]
  1982 | D:3      | Gained mutation: You have a pair of small antennae on your head. [mutagenic meat]
  2661 | D:3      | Learned a level 4 spell: Iskenderun's Mystic Blast
  3269 | D:4      | Found a staircase to the Ecumenical Temple.
  3468 | D:4      | Noticed Monsterracer's ghost (amateur DgCj)
  3472 | D:4      | Killed Monsterracer's ghost
  3472 | D:4      | Reached skill level 6 in Conjurations
  3472 | D:4      | Reached XP level 6. HP: 32/45 MP: 3/14
  3656 | D:4      | Learned a level 4 spell: Force Lance
  3721 | D:4      | Found Qepnaoj's Assorted Antiques.
  3838 | D:4      | Noticed Natasha
  3858 | D:4      | Killed Natasha
  4271 | D:4      | Noticed Natasha
  4274 | D:4      | Killed Natasha
  4460 | D:5      | Entered Level 5 of the Dungeon
  4589 | D:5      | Reached skill level 7 in Conjurations
  4842 | D:5      | Reached XP level 7. HP: 50/50 MP: 12/16
  5211 | D:5      | Noticed Elmdore's ghost (novice CeHu)
  5224 | D:5      | HP: 23/50 [poisoned by Elmdore's ghost]
  5234 | D:5      | HP: 23/50 [Elmdore's ghost (10)]
  5237 | D:5      | HP: 10/50 [Elmdore's ghost (8)]
  5243 | D:5      | HP: 13/50 [poisoned by Elmdore's ghost]
  5247 | D:5      | HP: 6/50 [poisoned by Elmdore's ghost]
  5248 | D:5      | Killed Elmdore's ghost
  5252 | D:5      | HP: 15/50 [poisoned by Elmdore's ghost]
  5257 | D:5      | HP: 10/50 [poisoned by Elmdore's ghost]
  5262 | D:5      | HP: 7/50 [poisoned by Elmdore's ghost]
  5268 | D:5      | HP: 4/50 [poisoned by Elmdore's ghost]
  5273 | D:5      | HP: 3/50 [poisoned by Elmdore's ghost]
  5280 | D:5      | HP: 2/50 [poisoned by Elmdore's ghost]
  5288 | D:5      | HP: 1/50 [poisoned by Elmdore's ghost]
  5305 | D:5      | Learned a level 3 spell: Conjure Flame
  5960 | D:5      | HP: 25/50 [orc priest/short sword (6)]
  5961 | D:5      | Reached skill level 8 in Conjurations
  5964 | D:5      | Reached XP level 8. HP: 15/58 MP: 2/18
  5966 | D:5      | HP: 15/58 [poisoned by a killer bee]
  5972 | D:5      | HP: 14/58 [poisoned by a killer bee]
  5979 | D:5      | HP: 13/58 [poisoned by a killer bee]
  6264 | D:6      | Reached skill level 1 in Fire Magic
  6294 | D:6      | HP: 28/58 [killer bee (7)]
  6296 | D:6      | HP: 10/58 [killer bee (7)]
  6301 | D:6      | HP: 8/58 [poisoned by a killer bee]
  6306 | D:6      | HP: 7/58 [poisoned by a killer bee]
  6313 | D:6      | HP: 6/58 [poisoned by a killer bee]
  6321 | D:6      | HP: 6/58 [poisoned by a killer bee]
  6647 | D:6      | Reached skill level 1 in Fighting
  7012 | D:6      | Gained mutation: You have a pair of antennae on your head. [mutagenic meat]
  7013 | D:6      | Gained mutation: You are resistant to hostile enchantments. (MR+) [mutagenic meat]
  7231 | D:6      | Reached skill level 5 in Spellcasting
  7246 | D:6      | HP: 28/61 [orc wizard/magic dart (4)]
  7251 | D:6      | HP: 23/61 [orc wizard/magic dart (6)]
  7404 | D:4      | Noticed Natasha
  7407 | D:4      | Killed Natasha
  7424 | D:4      | Bought a sheer robe for 114 gold pieces
  7434 | D:4      | Identified the +1 robe of Erutaciz {+Blink Regen+ Str+4 Stlth+} (You bought it in a shop on level 4 of the Dungeon)
  7439 | D:4      | Learned a level 2 spell: Blink
  8292 | D:7      | Found a shimmering altar of Xom.
  8294 | D:7      | Found a bloodstained altar of Trog.
  8294 | D:7      | Found a glowing silver altar of Zin.
  8296 | D:7      | Found a shimmering altar of Xom.
  8296 | D:7      | Found a bloodstained altar of Trog.
  8296 | D:7      | Found a radiant altar of Vehumet.
  8333 | D:6      | Reached skill level 9 in Conjurations
  8333 | D:6      | Reached XP level 9. HP: 41/69 MP: 5/20
  8998 | D:7      | HP: 30/71 [warg (9)]
  9603 | D:7      | Reached skill level 10 in Conjurations
  9701 | D:7      | Learned a level 2 spell: Swiftness
  9728 | D:7      | Noticed a two-headed ogre
  9759 | D:7      | Killed a two-headed ogre
  9759 | D:7      | Reached skill level 1 in Air Magic
  9759 | D:7      | Reached XP level 10. HP: 80/80 MP: 10/23
 10724 | D:7      | Reached skill level 5 in Fighting
 10900 | D:7      | Noticed an orc knight
 10923 | D:7      | HP: 26/81 [orc knight/long sword (16)]
 10926 | D:7      | Killed an orc knight
 10941 | D:7      | HP: 24/81 [orc/enchanted quarterstaff (5)]
 12038 | D:8      | Noticed a two-headed ogre
 12169 | D:8      | Killed a two-headed ogre
 12343 | D:8      | Noticed a cyclops
 12348 | D:8      | Killed a cyclops
 12348 | D:8      | Reached skill level 11 in Conjurations
 12383 | D:8      | Noticed a two-headed ogre
 12515 | D:8      | Reached skill level 5 in Dodging
 12631 | D:8      | Noticed a centaur warrior
 12635 | D:8      | Noticed a manticore
 12636 | D:8      | Noticed a two-headed ogre
 12679 | D:8      | Killed a two-headed ogre
 12679 | D:8      | Reached XP level 11. HP: 89/89 MP: 13/25
 12845 | D:8      | Killed a two-headed ogre
 13021 | D:8      | Found a roughly hewn altar of Beogh.
 13589 | D:9      | Noticed Joseph
 13603 | D:9      | HP: 44/89 [Joseph/quarterstaff of protection (17)]
 13610 | D:9      | Killed Joseph
 13933 | D:9      | Noticed ThereIsNoGod's ghost (novice DgEE)
 13946 | D:9      | Killed ThereIsNoGod's ghost
 13946 | D:9      | Reached skill level 1 in Maces & Flails
 15045 | D:9      | Found a shadowy altar of Dithmenos.
 15285 | D:10     | Entered Level 10 of the Dungeon
 15320 | D:10     | Noticed a two-headed ogre
 15336 | D:10     | Killed a two-headed ogre
 15336 | D:10     | Reached skill level 12 in Conjurations
 15794 | D:4      | Learned a level 4 spell: Fulminant Prism
 16015 | D:10     | Noticed a two-headed ogre
 16033 | D:10     | Killed a two-headed ogre
 16233 | D:10     | Noticed a two-headed ogre
 16241 | D:10     | HP: 39/92 [two-headed ogre/dire flail of protection (18)]
 16245 | D:10     | Killed a two-headed ogre
 16245 | D:10     | Reached skill level 1 in Hexes
 16895 | D:11     | Killed an unseen horror
 16979 | D:11     | Noticed a two-headed ogre
 16989 | D:11     | Killed a two-headed ogre
 16989 | D:11     | Reached XP level 12. HP: 100/100 MP: 16/28
 17205 | D:11     | Found Zyqasel's Gadget Boutique.
 17258 | D:11     | Paralysed by a hornet for 3 turns
 17261 | D:11     | HP: 48/100 [hornet (3)]
 17266 | D:11     | HP: 48/100 [poisoned by a hornet]
 17271 | D:11     | HP: 50/100 [poisoned by a hornet]
 17363 | D:11     | Found a staircase to the Lair.
 18259 | D:11     | Found a staircase to the Orcish Mines.
 18380 | Lair:1   | Entered Level 1 of the Lair of Beasts
 18436 | Lair:1   | You fall through a shaft!
 18454 | Lair:2   | Found a frozen archway.
 18463 | IceCv    | Entered an ice cave
 18726 | IceCv    | Reached skill level 13 in Conjurations
 18946 | IceCv    | HP: 50/101 [ice statue/bolt of cold (11)]
 19064 | IceCv    | Noticed an ice dragon
 19070 | IceCv    | Noticed an ice dragon
 19078 | IceCv    | HP: 37/101 [ice dragon/blast of cold (24)]
 19297 | IceCv    | HP: 46/101 [ice dragon (16)]
 19298 | IceCv    | Killed an ice dragon
 19469 | IceCv    | HP: 50/101 [ice dragon/blast of cold (8)]
 19470 | IceCv    | HP: 23/101 [ice dragon (9)]
 19471 | IceCv    | HP: 11/101 [ice dragon (9)]
 19472 | IceCv    | Killed from afar by an ice dragon

Skill      XL: |  1  2  3  4  5  6  7  8  9 10 11 12 |
---------------+-------------------------------------+-----
Spellcasting   | 2 3 4 5 6 7 8 |  8.4
Conjurations   | 4 5 6 7 8 9 10 11 12 13 | 13.1
Translocations | 2 3 |  3.0
Fire Magic     | 2 3 |  3.0
Fighting       | 3 4 5 7 |  7.9
Dodging        | 2 4 5 6 |  6.0
Air Magic      | 1 3 |  3.1
Maces & Flails | 3 4 |  4.3
Hexes          | 2 3 |  3.0
Polearms       | |  0.3
Stealth        | |  1.7

Action                   |  1- 3 |  4- 6 |  7- 9 | 10-12 || total
-------------------------+-------+-------+-------+-------++-------
Melee: Unarmed           |    21 |       |       |       ||    21
       Short sword       |     7 |    10 |       |       ||    17
       Falchion          |       |       |    37 |     7 ||    44
       Flail             |       |       |       |    53 ||    53
       Trident           |       |       |       |     6 ||     6
       Staff             |       |       |       |     2 ||     2
       Whip              |       |       |       |   280 ||   280
 Cast: Magic Dart        |    65 |    84 |    60 |   109 ||   318
       Searing Ray       |     4 |    12 |    46 |   113 ||   175
       Iskenderun's Myst |       |     2 |    24 |    34 ||    60
       Force Lance       |       |     2 |     3 |    12 ||    17
       Conjure Flame     |       |       |     6 |    31 ||    37
       Swiftness         |       |       |       |    10 ||    10
       Fulminant Prism   |       |       |       |    20 ||    20
       Blink             |       |       |       |     2 ||     2
  Use: Scroll            |     5 |     5 |     2 |     6 ||    18
       Potion            |       |       |    10 |       ||    10
 Stab: Sleeping          |     1 |       |       |     6 ||     7
       Distracted        |       |       |       |     1 ||     1
  Eat: Chunk             |     3 |    14 |    21 |    28 ||    66
       Fruit             |       |       |     1 |     5 ||     6
Armor: Robe              |     9 |    14 |    41 |   126 ||   190
Dodge: Dodged            |    20 |    26 |   105 |   337 ||   488
Block: Other             |     2 |     9 |    23 |    60 ||    94
       Reflection        |       |     2 |       |     1 ||     3
       Rpst.: Falchion   |       |       |    37 |     5 ||    42
